 Dungeon Crawl Stone Soup version 0.21.0-24-g2553a33 (webtiles) character file.

71 tidbits the Shooter (level 4, 13/34 HPs)
             Began as a Gnoll Wanderer on Jan 19, 2018.
             Quit the game on level 7 of the Dungeon.
             The game lasted 00:06:24 (560 turns).

tidbits the Shooter (Gnoll Wanderer)                 Turns: 560, Time: 00:06:24

Health: 13/34      AC:  5    Str: 15    XL:     4   Next: 24%
Magic:  14/14      EV: 12    Int: 17    God:
Gold:   22         SH:  0    Dex: 12    Spells: 5/5 levels left

rFire    . . .     SeeInvis .   a - +2 shortbow
rCold    . . .     Gourm    .   (shield currently unavailable)
rNeg     . . .     Faith    .   c - +0 ring mail
rPois    .         Spirit   .   (no helmet)
rElec    .         Reflect  .   (no cloak)
rCorr    .         Harm     .   (no gloves)
MR       +....                  (no boots)
Stlth    +.........             (no amulet)
HPRegen  0.11/turn              g - ring of magical power
MPRegen  0.14/turn              q - ring of protection from magic

@: no status effects
A: distributed training, fangs 1, strong nose
a: no special abilities


You were on level 7 of the Dungeon.
You were not hungry.

You visited 1 branch of the dungeon, and saw 5 of its levels.

You collected 22 gold pieces.

Inventory:

Hand Weapons
 a - a +2 shortbow (weapon)
 b - a +0 dagger
 e - a +0 club
 i - a +0 flail
 k - a +0 short sword
 r - a +0 hunting sling
Missiles
 p - 28 bolts
 s - 13 stones (quivered)
Armour
 c - a +0 ring mail (worn)
 l - a +0 scale mail
Jewellery
 g - a ring of magical power (left hand)
   (You found it on level 1 of the Dungeon)
 q - a ring of protection from magic (right hand)
   (You found it on level 2 of the Dungeon)
Scrolls
 d - a scroll of teleportation
 o - a scroll of noise
Potions
 m - a potion of cancellation
 n - a potion of degeneration
Comestibles
 f - 3 rations


   Skills:
 + Level 2.7 Fighting
 + Level 1.0 Short Blades
 + Level 1.0 Long Blades
 + Level 1.0 Axes
 + Level 1.0 Maces & Flails
 + Level 1.0 Polearms
 + Level 1.0 Staves
 + Level 1.0 Slings
 + Level 6.6 Bows
 + Level 1.0 Crossbows
 + Level 1.0 Throwing
 + Level 1.0 Armour
 + Level 4.6 Dodging
 + Level 2.5 Stealth
 + Level 4.6 Shields
 + Level 2.7 Unarmed Combat
 + Level 1.0 Spellcasting
 + Level 0.8 Conjurations
 + Level 0.8 Hexes
 + Level 0.8 Charms
 + Level 0.8 Summonings
 + Level 0.8 Necromancy
 + Level 0.8 Translocations
 + Level 0.8 Transmutations
 + Level 0.8 Fire Magic
 + Level 0.8 Ice Magic
 + Level 0.8 Air Magic
 + Level 0.8 Earth Magic
 + Level 0.8 Poison Magic
 + Level 1.1 Invocations
 + Level 1.0 Evocations


You had 5 spell levels left.
You didn't know any spells.

Dungeon Overview and Level Annotations

Branches:
Dungeon (4/15)
 Temple: D:4-7

Altars:


Innate Abilities, Weirdness & Mutations

Your experience applies equally to all skills.
You have very sharp teeth.
Your uncanny sense of smell can sniff out nearby items.


Message History

2 arrows; a leopard gecko corpse
j - 8 arrows (gained 2)
A crimson imp comes into view.
The crimson imp shouts!
You hear a shout!
The crimson imp summons a swarm of flies.
Found a ration and 2 scrolls of identify.
A giant cockroach comes into view.
You fall through a shaft for 3 floors!
The shaft crumbles and collapses.
A hound, an orc and an ogre come into view.
Found a stone staircase leading up.
Okay, then.
You open the door.
The hound barks!
The orc shouts!
You hear a shout!
An orc, an orc warrior and an orc wizard come into view.
A bullfrog skeleton comes into view.
The ogre shouts!
You hear a shout!
There is an open door here.
Firing (i - inventory. (,) - cycle):
j - 8 arrows (quivered)
Press: ? - help, Shift-Dir - straight line, f - bullfrog skeleton
Aim: a bullfrog skeleton You shoot an arrow.
The arrow barely misses the bullfrog skeleton.
The bullfrog skeleton hits you.
Firing (i - inventory. (,) - cycle):
j - 7 arrows (quivered)
Press: ? - help, Shift-Dir - straight line, f/p - bullfrog skeleton
Aim: a bullfrog skeleton You shoot an arrow.
The arrow hits the bullfrog skeleton!
The bullfrog skeleton is moderately damaged.
The hound barely misses you. The bullfrog skeleton hits you.
The hound bites you.
Firing (i - inventory. (,) - cycle):
j - 6 arrows (quivered)
Press: ? - help, Shift-Dir - straight line, f/p - bullfrog skeleton
Aim: a bullfrog skeleton (moderately damaged)
You shoot an arrow. The arrow hits the bullfrog skeleton.
The bullfrog skeleton is heavily damaged.
The bullfrog skeleton hits you but does no damage.
The hound closely misses you.
The bullfrog skeleton hits you but does no damage.
Firing (i - inventory. (,) - cycle):
j - 5 arrows (quivered)
Press: ? - help, Shift-Dir - straight line, f/p - bullfrog skeleton
Aim: a bullfrog skeleton (heavily damaged)
You shoot an arrow.
The arrow completely misses the bullfrog skeleton.
The hound barely misses you. The bullfrog skeleton misses you.
The hound bites you but does no damage.
Firing (i - inventory. (,) - cycle):
j - 4 arrows (quivered)
Press: ? - help, Shift-Dir - straight line, f/p - bullfrog skeleton
Aim: a bullfrog skeleton (heavily damaged)
You shoot an arrow. The arrow hits the bullfrog skeleton.
The bullfrog skeleton is almost destroyed.
The bullfrog skeleton closely misses you.
The hound barely misses you.
An orc comes into view. It is wielding a dagger.
Firing (i - inventory. (,) - cycle):
j - 3 arrows (quivered)
Press: ? - help, Shift-Dir - straight line, f/p - bullfrog skeleton
Aim: a bullfrog skeleton (almost destroyed)
You shoot an arrow.
The arrow barely misses the bullfrog skeleton.
The orc shouts!
The hound closely misses you.
The bullfrog skeleton barely misses you.
Firing (i - inventory. (,) - cycle):
j - 2 arrows (quivered)
Press: ? - help, Shift-Dir - straight line, f/p - bullfrog skeleton
Aim: a bullfrog skeleton (almost destroyed)
You shoot an arrow. The arrow hits the bullfrog skeleton.
The bullfrog skeleton is almost destroyed.
The hound bites you.
* * * LOW HITPOINT WARNING * * *
The bullfrog skeleton barely misses you.
The hound misses you.
A worker ant comes into view.
Firing (i - inventory. (,) - cycle):
j - an arrow (quivered)
Press: ? - help, Shift-Dir - straight line, f/p - bullfrog skeleton
Aim: a bullfrog skeleton (almost destroyed)
You shoot an arrow.
The arrow hits the bullfrog skeleton but does no damage.
The bullfrog skeleton is almost destroyed.
The bullfrog skeleton hits you.
* * * LOW HITPOINT WARNING * * *
The hound closely misses you.
The bullfrog skeleton barely misses you.
Throwing (i - inventory):
s - 15 stones (quivered)
Press: ? - help, Shift-Dir - straight line, f/p - bullfrog skeleton
Aim: a bullfrog skeleton (almost destroyed)
You throw a stone.
The stone barely misses the bullfrog skeleton.
The hound closely misses you.
The bullfrog skeleton closely misses you.
The hound closely misses you.
An ogre comes into view. It is wielding a giant spiked club.
Throwing (i - inventory):
s - 14 stones (quivered)
Press: ? - help, Shift-Dir - straight line, f/p - bullfrog skeleton
Aim: a bullfrog skeleton (almost destroyed)
You throw a stone. The stone hits the bullfrog skeleton.
The bullfrog skeleton is almost destroyed.
The hound barely misses you.
The bullfrog skeleton closely misses you.
Unknown command.
Are you sure you want to abandon this character and quit the game? (Confirm with "yes".)

∆ ∆ #######+#
#........
#........
#........ #
#.o......
#####.####oo.O....
......Z@hOoa......
#####.####o......o
# #.......o
#h.O.....
#........ ∆
#........
<........
#........
#........


You could see an orc warrior, 2 ogres, a hound, a worker ant, an orc wizard, 2
orcs and a bullfrog skeleton.

Vanquished Creatures
  Terence (D:2)
  An adder (D:1)
  An adder skeleton (D:2)
  3 worms
  A dart slug (D:1)
  A leopard gecko (D:4)
  An orc (D:4)
  A giant cockroach (D:1)
  3 goblins
  5 hobgoblins
  A bat (D:3)
  A frilled lizard (D:1)
  A kobold (D:1)
  6 rats
27 creatures vanquished.

Notes
Turn   | Place    | Note
-------+----------+-------------------------------------------
     0 | D:1      | tidbits the Gnoll Wanderer began the quest for the Orb.
     0 | D:1      | tidbits set off with: a +2 shortbow, 20 arrows, a +0 ring mail, a scroll of teleportation, a ration
     0 | D:1      | Reached XP level 1. HP: 17/17 MP: 1/1
   104 | D:1      | Reached XP level 2. HP: 23/23 MP: 2/2
   214 | D:1      | Reached XP level 3. HP: 10/28 MP: 3/3
   289 | D:2      | Noticed Terence
   316 | D:2      | Killed Terence
   316 | D:2      | Reached skill level 1 in Invocations
   371 | D:2      | Reached skill level 1 in Short Blades
   371 | D:2      | Reached skill level 1 in Long Blades
   371 | D:2      | Reached skill level 1 in Axes
   371 | D:2      | Reached skill level 1 in Maces & Flails
   371 | D:2      | Reached skill level 1 in Polearms
   371 | D:2      | Reached skill level 1 in Staves
   371 | D:2      | Reached skill level 1 in Slings
   371 | D:2      | Reached skill level 1 in Crossbows
   371 | D:2      | Reached skill level 1 in Throwing
   371 | D:2      | Reached skill level 1 in Armour
   371 | D:2      | Reached skill level 1 in Spellcasting
   371 | D:2      | Reached skill level 1 in Evocations
   414 | D:2      | Reached XP level 4. HP: 13/34 MP: 5/5
   545 | D:4      | You fall through a shaft for 3 floors!
   545 | D:7      | Noticed an ogre
   547 | D:7      | Noticed an orc warrior
   559 | D:7      | Noticed an ogre
   560 | D:7      | Quit the game

Skill      XL: |  1  2  3 |
---------------+----------+-----
Invocations    | 1 |  1.1
Short Blades   | 1 |  1.0
Long Blades    | 1 |  1.0
Axes           | 1 |  1.0
Maces & Flails | 1 |  1.0
Polearms       | 1 |  1.0
Staves         | 1 |  1.0
Slings         | 1 |  1.0
Crossbows      | 1 |  1.0
Throwing       | 1 |  1.0
Armour         | 1 |  1.0
Spellcasting   | 1 |  1.0
Evocations     | 1 |  1.0
Fighting       | |  2.7
Bows           | |  6.6
Dodging        | |  4.6
Stealth        | |  2.5
Shields        | |  4.6
Unarmed Combat | |  2.7
Conjurations   | |  0.8
Hexes          | |  0.8
Charms         | |  0.8
Summonings     | |  0.8
Necromancy     | |  0.8
Translocations | |  0.8
Transmutations | |  0.8
Fire Magic     | |  0.8
Ice Magic      | |  0.8
Air Magic      | |  0.8
Earth Magic    | |  0.8
Poison Magic   | |  0.8

Action                   |  1- 3 |  4- 6 || total
-------------------------+-------+-------++-------
Melee: Club              |     7 |       ||     7
       Bite              |     2 |       ||     2
       Dagger            |    19 |       ||    19
 Fire: Shortbow          |    63 |    26 ||    89
Throw: Stone             |       |     2 ||     2
  Use: Scroll            |     5 |     1 ||     6
       Potion            |     2 |       ||     2
 Stab: Invisible         |     2 |       ||     2
Armor: Ring mail         |     8 |     4 ||    12
Dodge: Dodged            |    39 |    22 ||    61

Table legend:
 A = Turns spent in this place as a percentage of turns spent in the entire game.
 B = Non-inter-level travel turns spent in this place as a percentage of non-inter-level travel turns spent in the entire game.
 C = Inter-level travel turns spent in this place as a percentage of turns spent in this place.
 D = Turns resting spent in this place as a percentage of non-inter-level travel turns spent in this place.
 E = Turns spent auto-exploring this place as a percentage of non-inter-level travel turns spent in this place.
 F = Non-inter-level travel turns spent in this place divided by the number of levels of this place that you've seen.
                   A       B       C       D       E      F
               +-------+-------+-------+-------+-------+----------------------
         Total | 100.0 | 100.0 |   0.0 |   0.0 |   0.0 | 112.0
       Dungeon | 100.0 | 100.0 |   0.0 |   0.0 |   0.0 | 112.0
               +-------+-------+-------+-------+-------+----------------------

Table legend:
 A = Kills in this place as a percentage of kills in entire the game.
 B = Kills by you in this place as a percentage of kills by you in the entire game.
 C = Kills by friends in this place as a percentage of kills by friends in the entire game.
 D = Other kills in this place as a percentage of other kills in the entire game.
 E = Experience gained in this place as a percentage of experience gained in the entire game.
 F = Experience gained in this place divided by the number of levels of this place that you have seen.
                   A       B       C       D       E      F
               +-------+-------+-------+-------+-------+----------------------
         Total | 100.0 | 100.0 |   N/A |   N/A | 100.0 |  20.4
       Dungeon | 100.0 | 100.0 |   N/A |   N/A | 100.0 |  20.4
               +-------+-------+-------+-------+-------+----------------------

Vault maps used:
D:1:      shiori_angband_town
D:2:      uniq_robin, uniq_terence
D:3:      hangedman_decor_peaks_small, kennysheep_generic_room_10
D:4:      nemelex_xobeh_ov_fountains_minmay, first_ration,
          grunt_gozag_breadcrumbs
D:7:      lemuel_crystal_altar, nicolae_overflow_hidden_temple,
          kennysheep_mini_moat
